AoeStats
← FC_M@sTer

Oasis

510044534Analyzed
2v2 RM · 4d ago on Sep 29, 2026· 84m 39s· 4 players
Game mode
Random Map
Map size
Medium (4 player)
Population
200
Speed
Normal
Resources
Standard
Victory
Conquest
Starting age
Dark Age
Ending age
Imperial Age
RankedLock teamsTeams togetherTeam positionsShared explorationLock speedFull tech treeHidden civsTurbo modeCheats
Victory
Defeat
🇨🇴 Persians · Colombia
1404
+8
🇨🇴 Khitans · Colombia
1140
+18
🇹🇼 Magyars · Taiwan
1207
-13
🇦🇷 Armenians · Argentina
1205
-13
大川
7:04 Loom
9:11 Feudal Age
10:58 Double-Bit Axe
13:19 Horse Collar
25:08 Castle Age
24:28 Scale Barding Armor
24:37 Bloodlines
24:23 Gold Mining
26:00 Husbandry
26:11 Heavy Plow
26:24 Bow Saw
26:45 Chain Barding Armor
45:07 Imperial Age
45:11 Cavalier
46:28 Plate Barding Armor
47:38 Devotion
51:53 Paladin
60:47 Conscription
63:25 Elite Magyar Huszar
67:14 Siege Engineers
67:30 Ballistics
68:11 Chemistry
73:21 Corvinian Army
魔法少年賈K
8:19 Loom
10:30 Feudal Age
11:26 Man-at-Arms
13:20 Arson
13:59 Long Swordsman
17:08 Forging
17:58 Scale Mail Armor
18:31 Pikeman
34:56 Castle Age
35:22 Two-Handed Swordsman
35:50 Gambesons
41:08 Fortified Wall
41:11 Masonry
42:13 Treadmill Crane
42:37 Double-Bit Axe
43:32 Fletching
44:16 Bodkin Arrow
44:21 Padded Archer Armor
45:34 Ballistics
54:08 Imperial Age
54:30 Elite Composite Bowman
55:16 Padded Archer Armor
56:55 Conscription
59:50 Chemistry
58:55 Bracer
67:38 Leather Archer Armor
FC_Satuplese
11:53 Feudal Age
12:25 Double-Bit Axe
19:26 Forging
21:22 Castle Age
19:31 Scale Barding Armor
23:13 Husbandry
22:34 Light Cavalry
24:13 Domestication
25:22 Pastoralism
27:02 Loom
27:53 Wheelbarrow
29:14 Iron Casting
29:08 Bow Saw
32:26 Chain Barding Armor
32:37 Hand Cart
33:08 Hand Cart
36:18 Imperial Age
33:41 Town Watch
34:11 Hand Cart
38:46 Masonry
38:33 Fletching
45:08 Fortified Wall
50:57 Guilds
51:39 Crossbowman
53:21 Ballistics
53:37 Thumb Ring
54:31 Bodkin Arrow
58:02 Gambesons
58:17 Squires
57:38 Pikeman
58:50 Town Patrol
60:27 Arson
62:11 Scale Mail Armor
62:11 Padded Archer Armor
65:32 Chain Mail Armor
65:18 Bracer
67:31 Heavy Rocket Cart
67:38 Capped Ram
68:03 Elite Fire Lancer
69:27 Plate Mail Armor
69:12 Leather Archer Armor
69:03 Caravan
71:11 Parthian Tactics
70:07 Heavy Cavalry Archer
74:07 Siege Ram
74:15 Heavy Camel Rider
74:39 Hussar
FC_M@sTer
4:54 Loom
13:05 Feudal Age
16:52 Castle Age
16:27 Double-Bit Axe
27:55 Wheelbarrow
32:10 Imperial Age
30:51 Padded Archer Armor
31:49 Murder Holes
33:43 Chemistry
33:08 Town Watch
33:43 Leather Archer Armor
34:30 Horse Collar
36:24 Thumb Ring
40:02 Bow Saw
41:58 Fletching
45:50 Ring Archer Armor
47:10 Bloodlines
47:03 Husbandry
48:02 Cavalier
49:13 Conscription
49:58 Two-Man Saw
48:59 Pikeman
49:52 Squires
50:11 Citadels
50:35 Arson
51:45 Scale Barding Armor
51:42 Halberdier
52:26 Scale Mail Armor
52:39 Forging
53:06 Hand Cart
53:14 Chain Barding Armor
55:40 Savar
56:17 Light Cavalry
57:06 Gambesons
56:54 Hussar
59:00 Heavy Camel Rider
62:27 Ballistics
62:44 Heavy Plow
63:34 Town Patrol
63:32 Bodkin Arrow
67:25 Caravan
69:14 Iron Casting
68:40 Scale Mail Armor
79:59 Gold Mining
80:00 Stone Mining
81:01 Guilds
81:21 Coinage
Connection lost

Rejoining the realm…

Still unreachable

The connection could not be restored.

Session expired

The server has moved on; the page needs a fresh start.